 Dungeon Crawl Stone Soup version 0.18-a0-1293-g5a2c81a (webtiles) character file.

380 Tomstefer the Cleaver (level 6, -2/50 HPs)
             Began as a Minotaur Gladiator on Feb 10, 2016.
             Succumbed to yogakurto's ghost's poison
             ... on level 4 of the Dungeon.
             The game lasted 00:07:34 (2804 turns).

Tomstefer the Cleaver (Minotaur Gladiator)          Turns: 2804, Time: 00:07:34

Health: -2/50      AC:  8    Str: 21    XL:     6   Next: 46%
Magic:  5/5        EV:  8    Int:  5    God:
Gold:   213        SH:  0    Dex: 11    Spells: 0 memorised, 5 levels left

rFire  . . .     SeeInvis +     a - +0 war axe
rCold  . . .     Gourm    .     q - +0 chain mail
rNeg   . . .     Faith    .     (no shield)
rPois  .         Spirit   .     c - +0 hat
rElec  .         Dismiss  .     (no cloak)
rCorr  .         Reflect  .     (no gloves)
SustAt .         Harm     .     (no boots)
MR     .....                    l - amulet of magic regeneration
Stlth  ..........               (no ring)
                                x - ring of see invisible

@: lethally poisoned (-2 -> -38), not resistant to hostile enchantments,
extremely unstealthy
A: retaliatory headbutt, horns 2
a: no special abilities


You were on level 4 of the Dungeon.
You were not hungry.

You visited 1 branch of the dungeon, and saw 4 of its levels.

You collected 213 gold pieces.

Inventory:

Hand Weapons
 a - a +0 war axe (weapon)
Missiles
 d - 2 throwing nets (quivered)
 m - 6 tomahawks
Armour
 c - a +0 hat (worn)
 q - a +0 chain mail (worn)
Jewellery
 l - an amulet of magic regeneration (around neck)
 v - an uncursed amulet of faith
 x - a ring of see invisible (left hand)
 A - a +3 amulet of reflection {unknown}
Wands
 o - a wand of flame (25/48)
Scrolls
 g - a scroll of identify
 h - 2 scrolls of enchant armour
 j - a scroll of fog
 k - a scroll of amnesia
 s - 2 scrolls of remove curse
Potions
 e - a potion of resistance {unknown}
 t - a potion of curing {unknown}
 u - a potion of magic {unknown}
 w - a potion of might {unknown}
 z - a potion of mutation {unknown}
Books
 y - a book of Burglary

   Spells                             Type                      Level
   a - Swiftness                      Charms/Air                   2
   b - Passwall                       Transmutation/Earth          2
   c - Passage of Golubria            Translocation                4
   d - Lee's Rapid Deconstruction     Earth                        5
   e - Darkness                       Hexes                        6
   f - Invisibility                   Hexes                        6
Comestibles
 b - 8 chunks of flesh
 f - a bread ration
 i - a meat ration
 n - a slice of pizza
 p - a beef jerky
 r - 4 fruits


   Skills:
 - Level 2.4 Fighting
 + Level 8.8 Axes
 - Level 2.0 Throwing
 - Level 3.2 Dodging


You had 5 spell levels left.
You didn't know any spells.

Dungeon Overview and Level Annotations

Branches:
Dungeon (4/15)
 Temple: D:4-7

Altars:

Annotations:
D:4 yogakurto's ghost, amateur HECK


Innate Abilities, Weirdness & Mutations

You reflexively headbutt those who attack you in melee.
You have a pair of horns on your head.


Message History

You slash yogakurto's ghost!
Yogakurto's ghost is almost destroyed.
* * * LOW HITPOINT WARNING * * *
You feel very sick. Yogakurto's ghost closely misses you.
You furiously retaliate!
You headbutt yogakurto's ghost.
You hit yogakurto's ghost but do no damage.
Your headbutt misses yogakurto's ghost.
Yogakurto's ghost is almost destroyed.
* * * LOW HITPOINT WARNING * * *
You feel very sick.
Yogakurto's ghost hits you but does no damage.
You barely miss yogakurto's ghost.
Yogakurto's ghost is almost destroyed.
* * * LOW HITPOINT WARNING * * *
You feel very sick.
Yogakurto's ghost hits you but does no damage.
You hit yogakurto's ghost. Your headbutt misses yogakurto's ghost.
Yogakurto's ghost is almost destroyed.
You die...

#.# #.# ###.######
#........# #.#.####.#
. #.#.# #.#####
....####.#.####.#...##
..............#....$.#
########....#@W......#
##.....##.......
##.#### #...### #.#
#..# #.# ..# #+# ...
... ###


You could see yogakurto's ghost.

Vanquished Creatures
  Purgy (D:3)
  An ogre (D:4)
  An orc priest (D:3)
  Jessica (D:2)
  Terence (D:2)
  5 adders
  2 adder skeletons (D:4)
  5 worms
  A giant gecko (D:1)
  4 orcs (D:3)
  A ball python (D:4)
  5 bats
  A giant cockroach (D:2)
  4 hobgoblins
  A quokka (D:2)
  4 goblins
  8 kobolds
  12 rats
58 creatures vanquished.

Notes
Turn   | Place    | Note
--------------------------------------------------------------
     0 | D:1      | Tomstefer the Minotaur Gladiator began the quest for the Orb.
     0 | D:1      | Reached XP level 1. HP: 18/18 MP: 0/0
    78 | D:1      | Reached skill level 4 in Axes
   135 | D:1      | Reached XP level 2. HP: 19/25 MP: 1/1
   872 | D:2      | Noticed Jessica
   895 | D:2      | Killed Jessica
   895 | D:2      | Reached skill level 5 in Axes
   895 | D:2      | Reached XP level 3. HP: 13/30 MP: 2/2
  1146 | D:2      | Reached XP level 4. HP: 8/37 MP: 3/3
  1271 | D:2      | Reached skill level 6 in Axes
  1670 | D:2      | Noticed Terence
  1675 | D:2      | Killed Terence
  1936 | D:3      | Noticed Purgy
  1957 | D:3      | Killed Purgy
  1957 | D:3      | Reached skill level 7 in Axes
  1957 | D:3      | Reached XP level 5. HP: 11/42 MP: 4/4
  1966 | D:3      | HP: 2/42 [worm (3)]
  2355 | D:3      | Reached skill level 8 in Axes
  2356 | D:3      | Reached XP level 6. HP: 39/50 MP: 5/5
  2781 | D:4      | Noticed yogakurto's ghost (amateur HECK)
  2803 | D:4      | HP: 1/50 [poisoned by yogakurto's ghost]
  2804 | D:4      | Succumbed to yogakurto's ghost's poison

Vault maps used:
D:1:      dpeg_arrival_shelter, hangedman_glass_teeth
D:2:      kennysheep_boxes, uniq_terence, uniq_jessica
D:3:      uniq_purgy
D:4:      first_bread

Action                   |  1- 3 |  4- 6 || total
-------------------------+-------+-------++-------
Melee: War axe           |    52 |   113 ||   165
Throw: Throwing net      |       |     1 ||     1
  Use: Scroll            |       |     4 ||     4
  Eat: Chunk             |     1 |     5 ||     6
